Map: World of Sleepers LE

Players

pHARM

  • Race: Zerg Zerg
  • League: Platinum
  • Spawn Location: 7:00

Rebel - Winner!

  • Race: Protoss Protoss
  • League: Platinum
  • Spawn Location: 1:00

VOD

Have the link to the VOD?

Description

Time

  • Played on: Aug. 30, 2019, 8:29 p.m.
  • Length: 22:40
Show
View Real Time Build Order
Export as new Build Order

pHARM Zerg 

Build Orders: Hatch First 

Get SALT Encoding   

  12  0:02  Drone  
  13  0:12  Overlord  
  13  0:17  Drone  
  14  0:31  Drone x2  
  14  0:35  Drone  
  17  0:54  Hatchery  
  16  1:07  Drone x3  
  19  1:22  Spawning Pool  
  18  1:29  Drone x2  
  20  1:46  Drone  
  21  2:03  Drone  
  22  2:08  Extractor  
  22  2:13  Queen x2  
  22  2:15  Drone x3  
  28  2:34  Overlord  
  28  2:57  Drone x2  
  28  2:58  Overlord x2, Drone x2  
  32  3:09  Drone  
  33  3:19  Drone, Hatchery  
  33  3:24  Drone x5  
  38  3:30  Pneumatized Carapace  
  38  4:00  Lair  
  38  4:06  Drone x11  
  49  4:25  Queen  
  49  4:29  Extractor  
  50  4:38  Extractor  
  49  4:47  Spore Crawler  
  49  4:49  Spore Crawler  
  47  4:56  Queen  
  47  4:57  Spore Crawler  
  48  5:30  Drone  
  48  5:32  Hydralisk Den  
  48  5:47  Overlord x3  
  48  5:48  Overlord x2  
  48  5:56  Evolution Chamber  
  47  5:57  Evolution Chamber  
  47  6:02  Grooved Spines  
  46  6:05  Queen x3  
  52  6:11  Hydralisk x2  
  52  6:12  Hydralisk x6  
  52  6:13  Drone  
  52  6:14  Drone x10  
  79  6:19  Drone x3  
  82  6:30  Zerg Missile Weapons Level 1  
  82  6:53  Extractor  
  81  7:05  Zerg Ground Armor Level 1  
  81  7:13  Muscular Augments  
  81  7:32  Overlord x4  
  81  7:33  Overlord x2  
  81  7:40  Extractor  
  81  7:43  Drone x2  
  82  7:54  Drone  
  82  7:55  Drone x9  
  82  7:56  Drone x2  
  82  7:58  Drone x2  
  96  8:06  Hydralisk x7  
  108  8:25  Spine Crawler  
  107  8:41  Spine Crawler  
  107  8:42  Zerg Missile Weapons Level 2  
  106  8:49  Extractor  
  106  8:53  Drone x2  
  106  8:55  Infestation Pit, Drone x3  
  109  9:07  Zerg Ground Armor Level 2  
  109  9:10  Hydralisk x10  
  109  9:12  Overlord  
  109  9:13  Overlord  
  129  9:21  Spine Crawler  
  129  9:23  Spine Crawler  
  127  9:36  Hydralisk x6  
  139  9:43  Hatchery  
  138  9:55  Overseer x3  
  138  9:56  Overseer  
  138  10:18  Overlord x11  
  138  10:23  Hive  
  138  10:24  Hatchery  
  137  10:32  Hatchery  
  136  10:43  Hydralisk x11  
  158  11:05  Hydralisk x5  
  158  11:06  Hydralisk x5  
  178  12:03  Drone x5  
  178  12:04  Drone x9  
  192  12:08  Unknown  
  155  12:57  Hydralisk x16  
  155  12:58  Hydralisk x21  
  199  13:18  Zerg Ground Armor Level 3, Zerg Missile Weapons Level 3  
  199  13:19  Spire  
  194  13:30  Hydralisk x2  
  198  13:42  Overlord x2  
  198  13:53  Hatchery  
  195  14:29  Overlord x4  
  195  14:40  Overlord x3  
  195  14:50  Zerg Flyer Armor Level 1  
  195  15:30  Drone x4  
  199  16:03  Corruptor  
  199  16:04  Corruptor x10  
  183  16:05  Corruptor x2  
  169  16:12  Hydralisk x4  
  169  16:13  Hydralisk x11  
  159  16:43  Corruptor x17  
  192  17:08  Drone x2  
  192  17:15  Zerg Flyer Armor Level 2  
  193  17:18  Hydralisk  
  193  17:19  Hydralisk x2  
  199  17:28  Extractor  
  199  17:29  Spore Crawler, Spine Crawler  
  196  17:30  Drone x2  
  196  17:31  Extractor  
  197  19:26  Hatchery  
  196  19:37  Hatchery  
  195  19:42  Unknown  
  194  19:48  Zerg Flyer Armor Level 3  
  182  20:13  Corruptor x2  
  182  20:14  Corruptor x26  
  144  20:15  Corruptor x8  
  144  20:18  Corruptor x2  
  144  20:19  Corruptor x2  
  170  20:35  Spore Crawler  
  169  20:36  Spore Crawler  
  169  20:37  Spore Crawler x4  
  169  20:38  Spore Crawler  
  169  20:40  Spore Crawler  
  169  20:41  Spore Crawler x2  
  160  20:43  Spore Crawler  
  160  20:45  Spore Crawler  
  160  20:47  Spore Crawler, Overseer x3  
  160  20:49  Extractor  
  156  20:51  Extractor  
  141  21:04  Corruptor  
  141  21:05  Corruptor x3  
  141  21:07  Zergling x12  
  141  21:08  Zergling x16  
  75  21:31  Corruptor  
  75  21:32  Corruptor x2  
  77  21:41  Spore Crawler x2  
  77  21:42  Spore Crawler  
  77  21:43  Spore Crawler x3  
  77  21:45  Spore Crawler  
  77  21:46  Spore Crawler  
  68  21:47  Spore Crawler x2  
  68  21:50  Corruptor  
  63  21:59  Spore Crawler  
  63  22:00  Spore Crawler x3  
  55  22:01  Spore Crawler  
  55  22:02  Spore Crawler  
  55  22:04  Spore Crawler  
Show
View Real Time Build Order
Export as new Build Order

Rebel Protoss - Winner!

Build Orders: Carriers 

Get SALT Encoding   

  12  0:00  Probe  
  13  0:13  Probe  
  14  0:24  Pylon  
  14  0:25  Probe  
  15  0:42  Probe  
  16  0:47  Gateway  
  16  0:54  Probe  
  17  0:57  Pylon  
  17  1:06  Forge  
  17  1:14  Probe  
  18  1:26  Probe  
  19  1:43  Cybernetics Core  
  19  1:45  Zealot  
  19  1:46  Pylon  
  21  1:49  Photon Cannon  
  21  1:53  Assimilator  
  22  1:54  Probe  
  22  2:06  Probe  
  23  2:08  Assimilator  
  23  2:24  Pylon  
  23  2:27  Probe  
  23  2:29  Pylon  
  23  2:35  Probe  
  25  2:47  Nexus  
  25  2:52  Probe  
  25  2:56  Warp Gate  
  26  3:03  Pylon  
  26  3:09  Twilight Council  
  26  3:14  Pylon  
  26  3:19  Probe  
  27  3:31  Probe  
  28  3:35  Stargate  
  28  3:37  Charge  
  28  3:40  Zealot  
  30  3:49  Probe  
  31  3:55  Probe  
  31  4:00  Probe  
  33  4:03  Probe  
  33  4:08  Probe  
  34  4:13  Probe  
  34  4:15  Gateway  
  34  4:16  Probe  
  36  4:24  Void Ray  
  41  4:43  Probe  
  42  4:48  Pylon  
  42  4:50  Assimilator  
  42  4:51  Probe  
  43  4:55  Probe  
  44  5:03  Probe  
  44  5:04  Gateway  
  44  5:07  Gateway  
  45  5:08  Probe  
  46  5:15  Probe  
  46  5:20  Probe  
  48  5:26  Void Ray  
  52  5:43  Robotics Facility  
  52  5:45  Gateway  
  52  5:53  Stargate  
  52  5:55  Assimilator  
  52  6:00  Probe  
  52  6:02  Probe  
  54  6:06  Zealot x3  
  54  6:07  Zealot  
  54  6:09  Void Ray  
  66  6:12  Probe  
  66  6:14  Probe  
  68  6:24  Observer, Probe  
  70  6:36  Void Ray  
  74  6:41  Warp Prism  
  76  7:02  Void Ray  
  80  7:14  Protoss Air Weapons Level 1, Zealot x2  
  80  7:15  Zealot  
  86  7:40  Pylon  
  86  7:41  Pylon  
  86  7:44  Pylon  
  86  7:45  Pylon  
  86  7:51  Pylon  
  86  7:53  Pylon  
  86  7:57  Void Ray  
  86  7:58  Observer  
  91  7:59  Gateway, Void Ray  
  91  8:02  Gateway  
  87  8:40  Void Ray  
  91  8:42  Void Ray  
  95  8:52  Fleet Beacon  
  95  9:00  Nexus  
  95  9:01  Pylon  
  95  9:02  Pylon  
  95  9:35  Carrier  
  95  9:36  Carrier  
  107  9:49  Assimilator  
  107  9:50  Assimilator  
  107  9:53  Photon Cannon x2  
  107  9:54  Zealot  
  107  9:55  Zealot x4  
  107  9:56  Protoss Air Weapons Level 2  
  117  10:02  Zealot x2  
  121  10:15  Zealot x2  
  125  10:33  Observer  
  126  10:39  Stargate x2  
  126  10:40  Carrier x2  
  138  10:48  Zealot x2  
  138  10:49  Zealot x3  
  148  10:55  Observer  
  149  10:57  Pylon  
  149  10:58  Pylon  
  149  10:59  Photon Cannon  
  149  11:01  Probe  
  149  11:09  Probe  
  151  11:18  Probe  
  152  11:30  Probe  
  153  11:42  Carrier x2  
  153  11:43  Protoss Shields Level 1  
  131  13:07  Nexus  
  131  13:10  Pylon  
  131  13:11  Pylon  
  131  13:13  Assimilator  
  131  13:14  Pylon  
  131  13:16  Assimilator  
  131  13:37  Carrier x4  
  155  13:52  Stalker  
  158  14:02  Observer  
  158  14:03  Protoss Air Weapons Level 3  
  159  14:24  Observer  
  151  14:49  Nexus  
  151  14:50  Pylon  
  151  14:52  Pylon  
  151  14:53  Pylon  
  151  14:56  Observer  
  152  15:05  Nexus  
  152  15:17  Observer  
  150  15:41  Zealot x3  
  150  15:42  Zealot x3  
  162  15:47  Assimilator  
  162  15:50  Photon Cannon  
  117  16:49  Probe  
  118  17:02  Probe  
  119  17:14  Probe  
  120  17:25  Templar Archives  
  119  17:38  Observer  
  138  17:49  Void Ray x4  
  138  17:53  Probe  
  133  17:59  Observer  
  138  18:05  Probe  
  138  18:17  Probe  
  134  18:32  Void Ray x4  
  148  18:56  High Templar x3  
  148  18:57  High Templar x2  
  148  18:59  High Templar  
  148  19:00  High Templar  
  156  19:13  Archon  
  156  19:14  Archon x2, Void Ray  
  156  19:15  Void Ray  
  164  19:19  Protoss Shields Level 2  
  164  19:28  Assimilator  
  164  19:52  Void Ray x2, Nexus  
  99  22:02  Zealot x5  
  99  22:03  Zealot  
Tags
 
Composition
Carriers
Matchup
PvZ
Replay Pack
10.7.19
Spawn Locations
Cross Positions
Add a new tag
Caveats
  • Supply blocks, unpowered buildings, or Contaminate may cause inaccurate times.
  • Supply counts are checked every 10 seconds.